cohdb
Replays
Latest Replays
All Replays
Popular Replays
Top Player Replays
Match Explorer
How It Works
Community
CoH3 Stats
Reddit
Sign in to upload your games and track your stats! →
Sign in with Steam
Match 40709566
Unlisted
Match 40709566
Overview
Messages
Build Orders
End
Vickers Machine Gun Team
Royal Engineer Section
Selects Heavy Armor Battlegroup
Vickers Machine Gun Team
Construct Section Command Post
Construct Platoon Command Post
CMP 15cwt Truck
Humber Armored Car
Humber Armored Car
Selects Engineer Detachments
Royal Engineer Section
Selects Forward Repair Assembly
Unlock Bishop Self-propelled Artillery
Bishop Self-propelled Artillery
Royal Engineer Section
Infantry Section
Construct Company Command Post
Selects UNKNOWN (2162094)
Churchill IV Heavy Tank
Churchill IV Heavy Tank
CarryMeh
DibbeTC
Bobby
51-RATS
Macfly2001
allohe2
0
0
Comments
sign in to comment!
No comments posted yet!